 Dungeon Crawl Stone Soup version 0.18.1-5-g4a78601 (webtiles) character file.

222 kroki the Chopper (level 5, -4/46 HPs)
             Began as a Minotaur Skald on May 10, 2016.
             Slain by Pikel
             ... wielding a +0 whip of flaming
              (6 damage)
             ... on level 3 of the Dungeon on May 11, 2016.
             The game lasted 00:06:12 (4431 turns).

kroki the Chopper (Minotaur Skald)                  Turns: 4431, Time: 00:06:13

Health: -4/46      AC:  8    Str: 17    XL:     5   Next: 66%
Magic:  6/6        EV: 10    Int:  9    God:
Gold:   106        SH:  0    Dex: 10    Spells: 1 memorised, 5 levels left

rFire  + . .     SeeInvis .     w - +4 quarterstaff (chaos)
rCold  + . .     Gourm    .     r - +0 ring mail
rNeg   . . .     Faith    .     (shield currently unavailable)
rPois  +         Spirit   .     (helmet restricted)
rElec  +         Dismiss  .     q - +0 cloak
rCorr  +         Reflect  .     i - +1 pair of gloves
SustAt .         Harm     .     (no boots)
MR     .....     Clarity  +     (no amulet)
Stlth  +.........               (no ring)
                                h - ring of stealth {Stlth+}

@: resistant, not resistant to hostile enchantments, very unstealthy
A: retaliatory headbutt, horns 2, clarity
a: no special abilities


You were on level 3 of the Dungeon.
You were very hungry.

You visited 1 branch of the dungeon, and saw 4 of its levels.

You collected 106 gold pieces.

Inventory:

Hand Weapons
 a - a +1 hand axe
 w - a +4 quarterstaff of chaos (weapon)
   (You took it off Crazy Yiuf on level 3 of the Dungeon)
 x - a cursed -1 mace
   (You found it on level 3 of the Dungeon)
Armour
 i - a +1 pair of gloves (worn)
   (You found it on level 3 of the Dungeon)
 q - a +0 cloak (worn)
   (You took it off Crazy Yiuf on level 3 of the Dungeon)
 r - a +0 ring mail (worn)
   (You found it on level 3 of the Dungeon)
Jewellery
 h - a ring of stealth (left hand) {Stlth+}
   (You found it on level 2 of the Dungeon)
 u - a +3 ring of dexterity {unknown}
   (You found it on level 3 of the Dungeon)
Potions
 f - a potion of cure mutation {!q}
 k - a potion of degeneration {!q}
 p - a potion of might {unknown}
Books
 c - a book of Battle
 l - a book of the Warp
   (You found it on level 2 of the Dungeon)
 v - a book of Envenomations
   (You found it on level 3 of the Dungeon)
Comestibles
 d - 3 bread rations {@e1}
 m - 2 slices of pizza
 n - 4 fruits


   Skills:
 + Level 4.1 Fighting
 * Level 6.4 Axes
 - Level 1.2 Armour
 - Level 1.1 Dodging
 - Level 1.3 Spellcasting
 - Level 2.0 Charms


You had 5 spell levels left.
You knew the following spells:

 Your Spells              Type           Power        Failure   Level  Hunger
a - Infusion              Chrm           #...         34%         1    ##.....


Dungeon Overview and Level Annotations

Branches:
Dungeon (4/15)
 Temple: D:4-7

Altars:
Cheibriados
Elyvilon
Pakellas
Yredelemnul

Annotations:
D:2 Ijyb
D:3 Pikel


Innate Abilities, Weirdness & Mutations

You reflexively headbutt those who attack you in melee.
You have a pair of horns on your head.
You possess an exceptional clarity of mind.


Message History

You are too injured to fight recklessly!
There are monsters nearby!
You are too injured to fight recklessly!
There are monsters nearby!
You are too injured to fight recklessly!
There are monsters nearby!
You are too injured to fight recklessly!
You can't go down here!
You take 10 damage, and have 36/46 hp.
MASSIVE DAMAGE!!
Unknown command.
Pikel hits you with a whip of flaming! Pikel burns you. The slave hits you.
Pikel hits you but does no damage.
You climb upwards.
There is a stone staircase leading down here.
You take 12 damage, and have 24/46 hp.
MASSIVE DAMAGE!!
Unknown command.
Unknown command.
Read which item? (? for menu, Esc to quit)
Okay, then.
Here: Pikel, wielding a whip of flaming and wearing a runed robe (berserk, fast, unusually strong)
The floor.
Unknown command.
Read which item? (? for menu, Esc to quit)
As you read the scroll labeled JAGE NUNIOH, it crumbles to dust.
It is a scroll of amnesia.
Forget which spell ([?*] list [ESC] exit)?
Forget which spell ([?*] list [ESC] exit)?
Okay, then.
Pikel closely misses you. You furiously retaliate!
You headbutt Pikel! The slave closely misses you.
Unknown command.
Drink which item? (? for menu, Esc to quit)
Okay, then.
Pikel rages.
The slave hits you. Pikel hits you with a whip of flaming!
* * * LOW HITPOINT WARNING * * *
Pikel burns you.
* * * LOW HITPOINT WARNING * * *
You take 16 damage, and have 9/46 hp.
MASSIVE DAMAGE!!
Drink which item? (? for menu, Esc to quit)
You feel better. Pikel misses you. Pikel hits you with a whip of flaming!
* * * LOW HITPOINT WARNING * * *
Pikel burns you.
* * * LOW HITPOINT WARNING * * *
You take 5 damage, and have 4/46 hp.
Drink which item? (? for menu, Esc to quit)
You feel better. Pikel hits you with a whip of flaming!
* * * LOW HITPOINT WARNING * * *
Pikel burns you.
* * * LOW HITPOINT WARNING * * *
You take 2 damage, and have 2/46 hp.
Pikel closely misses you.
There is an open door here.
Drink which item? (? for menu, Esc to quit)
You feel better. Pikel hits you with a whip of flaming.
* * * LOW HITPOINT WARNING * * *
Pikel burns you.
* * * LOW HITPOINT WARNING * * *
You regained 3 hp, and now have 5/46 hp.
Drink which item? (? for menu, Esc to quit)
You feel better. Pikel hits you but does no damage. Pikel closely misses you.
You regained 11 hp, and now have 16/46 hp.
Read which item? (? for menu, Esc to quit)
Okay, then.
Drink which item? (? for menu, Esc to quit)
Okay, then.
Read which item? (? for menu, Esc to quit)
Identify which item? (\ to view known items) (? for menu, Esc to quit)
As you read the scroll of identify, it crumbles to dust.
k - a potion of degeneration Pikel hits you but does no damage.
Read which item? (? for menu, Esc to quit)
Identify which item? (\ to view known items) (? for menu, Esc to quit)
As you read the scroll of identify, it crumbles to dust.
f - a potion of cure mutation Pikel barely misses you.
You furiously retaliate!
You headbutt Pikel, but do no damage. Pikel hits you with a whip of flaming!
* * * LOW HITPOINT WARNING * * *
Pikel burns you.
* * * LOW HITPOINT WARNING * * *
You take 11 damage, and have 5/46 hp.
MASSIVE DAMAGE!!
Drink which item? (? for menu, Esc to quit)
It was a potion of beneficial mutation.
Your thoughts seem clearer.
You feel fantastic! Pikel hits you with a whip of flaming.
* * * LOW HITPOINT WARNING * * *
Pikel burns you.
* * * LOW HITPOINT WARNING * * *
You take 3 damage, and have 2/46 hp.
Unknown command.
Read which item? (? for menu, Esc to quit)
Okay, then.
Drink which item? (? for menu, Esc to quit)
It was a potion of resistance.
You feel protected. Pikel closely misses you.
Pikel hits you with a whip of flaming.
You die...

.###....###....[.#..#..#
#.#### .#
#......#.........#..# #.# .#
#...................# #.# ##
.# #...........###..##.# #.#
#. .# #...........# #.....#
#.###. .#
#...........###...### #.....
(#
####........'.#....#######....
.# #........#.#>.........+....
.# ##########@#....#######....
.# #....K.......# #.... .#
###............# #.... .#
#..............####.... .#
#..............'....... .#
#..............####.... .#
#..............# ###.. .#
#..............# #.# .#
######.#'#####'### #.#


You could see Pikel (berserk).

Vanquished Creatures
  A slave (D:4)
  Crazy Yiuf (D:3)
  Jessica (D:3)
  A worker ant (D:3)
  4 gnolls (D:2)
  3 adders
  An ooze (D:2)
  A worm (D:2)
  4 dart slugs (D:1)
  4 giant geckos
  A ball python (D:3)
  4 giant cockroaches
  6 goblins
  8 hobgoblins
  2 jackals (D:3)
  10 kobolds
  A quokka (D:2)
  2 bats (D:1)
  3 giant newts
  7 rats
65 creatures vanquished.

Notes
Turn   | Place    | Note
--------------------------------------------------------------
     0 | D:1      | kroki the Minotaur Skald began the quest for the Orb.
     0 | D:1      | Reached XP level 1. HP: 18/18 MP: 1/1
   111 | D:1      | Reached skill level 3 in Axes
   193 | D:1      | Reached XP level 2. HP: 25/25 MP: 3/3
  1300 | D:1      | Reached skill level 4 in Axes
  1300 | D:1      | Reached XP level 3. HP: 27/30 MP: 4/4
  1687 | D:2      | Found a basalt altar of Yredelemnul.
  1920 | D:2      | Reached skill level 3 in Fighting
  2336 | D:2      | Noticed Ijyb
  2449 | D:2      | Reached XP level 4. HP: 38/38 MP: 5/5
  2568 | D:2      | Reached skill level 5 in Axes
  2773 | D:2      | Found a snail-covered altar of Cheibriados.
  3069 | D:3      | Reached XP level 5. HP: 40/45 MP: 6/6
  3281 | D:3      | Noticed Jessica
  3285 | D:3      | Killed Jessica
  3285 | D:3      | Reached skill level 6 in Axes
  3403 | D:3      | Found an oddly glowing altar of Pakellas.
  3733 | D:3      | Found a white marble altar of Elyvilon.
  4082 | D:3      | Noticed Crazy Yiuf
  4094 | D:3      | Killed Crazy Yiuf
  4094 | D:3      | Reached skill level 4 in Fighting
  4412 | D:4      | Noticed a slave
  4412 | D:4      | Noticed a slave
  4415 | D:4      | Noticed Pikel
  4417 | D:4      | Noticed a slave
  4417 | D:4      | Killed a slave
  4418 | D:4      | Noticed a slave
  4421 | D:3      | HP: 9/46 [Pikel/whip of flaming (3)]
  4423 | D:3      | HP: 4/46 [Pikel/whip of flaming (2)]
  4429 | D:3      | HP: 9/46 [Pikel/whip of flaming (7)]
  4430 | D:3      | Gained mutation: You possess an exceptional clarity of mind. [potion of beneficial mutation]
  4430 | D:3      | HP: 3/46 [Pikel/whip of flaming (2)]
  4431 | D:3      | Slain by Pikel

Skill      XL: |  1  2  3  4  5 |
---------------+----------------+-----
Axes           | 3 4 5 6 |  6.4
Fighting       | 3 4 |  4.1
Armour         | |  1.2
Dodging        | |  1.1
Spellcasting   | |  1.3
Charms         | |  2.0

Action                   |  1- 3 |  4- 6 || total
-------------------------+-------+-------++-------
Melee: Hand axe          |   105 |    82 ||   187
       Headbutt          |    11 |    16 ||    27
       Quarterstaff      |       |     5 ||     5
 Cast: Infusion          |       |     1 ||     1
  Use: Scroll            |       |     7 ||     7
       Potion            |       |    10 ||    10
 Stab: Distracted        |       |     1 ||     1
  Eat: Meat ration       |     1 |       ||     1
       Pizza             |     1 |       ||     1
       Chunk             |       |     2 ||     2
       Beef jerky        |       |     1 ||     1
Armor: Leather armour    |    20 |    11 ||    31
       Ring mail         |       |     7 ||     7
Dodge: Dodged            |    54 |    42 ||    96

Vault maps used:
D:1:      roderic_dead_forest
D:2:      lemuel_doored_altar, cheibriados_altar_1, hangedman_decor_peaks_small,
          uniq_iyjb
D:3:      elyvilon_altar_5, old_standard_altar, first_bread,
          uniq_crazy_yiuf_cottage, uniq_jessica
D:4:      kennysheep_little_box, nicolae_overflow_hidden_temple, uniq_pikel

Table legend:
 A = Turns spent in this place as a percentage of turns spent in the entire game.
 B = Non-inter-level travel turns spent in this place as a percentage of non-inter-level travel turns spent in the entire game.
 C = Inter-level travel turns spent in this place as a percentage of turns spent in this place.
 D = Turns resting spent in this place as a percentage of non-inter-level travel turns spent in this place.
 E = Turns spent auto-exploring this place as a percentage of non-inter-level travel turns spent in this place.
 F = Non-inter-level travel turns spent in this place divided by the number of levels of this place that you've seen.
                   A       B       C       D       E      F
               +-------+-------+-------+-------+-------+----------------------
         Total | 100.0 | 100.0 |   0.3 |   0.3 |   9.7 | 574.8
       Dungeon | 100.0 | 100.0 |   0.3 |   0.3 |   9.7 | 574.8
               +-------+-------+-------+-------+-------+----------------------

Table legend:
 A = Kills in this place as a percentage of kills in entire the game.
 B = Kills by you in this place as a percentage of kills by you in the entire game.
 C = Kills by friends in this place as a percentage of kills by friends in the entire game.
 D = Other kills in this place as a percentage of other kills in the entire game.
 E = Experience gained in this place as a percentage of experience gained in the entire game.
 F = Experience gained in this place divided by the number of levels of this place that you have seen.
                   A       B       C       D       E      F
               +-------+-------+-------+-------+-------+----------------------
         Total | 100.0 | 100.0 |  -nan |  -nan | 100.0 |  79.5
       Dungeon | 100.0 | 100.0 |  -nan |  -nan | 100.0 |  79.5
               +-------+-------+-------+-------+-------+----------------------
